 Dungeon Crawl Stone Soup version 0.29.1-2-gbd0b4ee654 (webtiles) character file.

Game seed: 14447913788650093246

7 Romesagentofchaos the Sneak (level 2, 0/19 HPs)
             Began as an Octopode Brigand on Nov 20, 2022.
             Slain by a frilled lizard (1 damage)
             ... on level 1 of the Dungeon.
             The game lasted 00:00:55 (109 turns).

Romesagentofchaos the Sneak (Octopode Brigand)       Turns: 109, Time: 00:00:55

Health: 0/19       AC:  1    Str: 10    XL:     2   Next: 0%
Magic:  2/2        EV: 12    Int: 13    God:
Gold:   9          SH:  0    Dex: 13    Spells: 1/1 levels left

rFire   . . .      SeeInvis .   a - +2 dagger
rCold   . . .      Faith    .   (no shield)
rNeg    . . .      Spirit   .   (helmet restricted)
rPois   .          Reflect  .   (no amulet)
rElec   .          Harm     .   (no ring)
rCorr   .          Rampage  .   (no ring)
Will    .....                   (no ring)
Stlth   ++++......              (no ring)
HPRegen 0.06/turn               (no ring)
MPRegen 0.08/turn               (no ring)
                                (no ring)
                                (no ring)

@: no status effects
A: almost no armour, amphibious, 8 rings, camouflage 1, gelatinous body 1,
(nimble swimmer 1), tentacles
a: no special abilities


You were on level 1 of the Dungeon.
You visited 1 branch of the dungeon, and saw 1 of its levels.

You collected 9 gold pieces.

Inventory:

Hand Weapons
 a - a +2 dagger (weapon)
Missiles
 b - 9 poisoned darts (quivered)
 c - 3 curare-tipped darts
Magical Staves
 f - a staff of conjuration
Potions
 d - a potion of might {unknown}
 e - a potion of flight {unknown}


   Skills:
 + Level 2.1 Fighting
 + Level 2.1 Short Blades
 + Level 2.0 Throwing
 + Level 1.0 Dodging
 + Level 5.6 Stealth


You had one spell level left.
You didn't know any spells.
Your spell library was empty.

Dungeon Overview and Level Annotations

Branches:
Dungeon (1/15)

Altars:


Innate Abilities, Weirdness & Mutations

You cannot wear most types of armour.
You are amphibious.
You can wear up to eight rings at the same time.
Your skin changes colour to match your surroundings (Stealth+).
Your rubbery body absorbs attacks. (AC +1, EV +1)
((You are camouflaged when in or above water. (Stealth+)))
You have tentacles for arms and can constrict up to eight enemies at once.


Message History

You kill the quokka!
You see here a quokka corpse.
The helpless goblin fails to defend itself.
You impale the goblin!!
You kill the goblin!
You now have 9 gold pieces.
A quokka comes into view.
A frilled lizard comes into view.
A hobgoblin comes into view.
The quokka bites you.
You closely miss the quokka. Your grab misses the quokka. The quokka bites you.
You barely miss the quokka. Your grab misses the quokka.
Your squeeze misses the quokka. The quokka bites you.
The quokka closely misses you.
You hit the quokka. You grab the quokka.
The quokka is severely wounded.
You constrict the quokka. The quokka misses you.
You hit the quokka.
You kill the quokka!
The hobgoblin shouts!
The frilled lizard hisses angrily.
The hobgoblin attacks as you move away! The hobgoblin hits you.
The frilled lizard bites you.
* * * LOW HITPOINT WARNING * * *
You hit the hobgoblin. You grab the hobgoblin.
The hobgoblin is severely wounded.
You constrict the hobgoblin, but do no damage.
The hobgoblin misses you. The frilled lizard bites you.
* * * LOW HITPOINT WARNING * * *
You hit the hobgoblin but do no damage.
The hobgoblin is severely wounded.
You constrict the hobgoblin. You hit the hobgoblin.
You kill the hobgoblin!
The frilled lizard barely misses you.
You have reached level 2!
You barely miss the frilled lizard. Your grab misses the frilled lizard.
You squeeze the frilled lizard.
The frilled lizard is heavily wounded.
The frilled lizard bites you.
You die...

#### ### # ...
..#.###
######.#..#....
.......†l....#
#######@#.##.#
#.#.##.### ....
###.............
#..........##..#
#.#..###.#.##..#
#.#..# # #.##..#
# # #..#
#.#.##..##.#
#..###.#..).....#
#....#..†#...####


You could see a frilled lizard.

Vanquished Creatures
  2 hobgoblins (D:1)
  2 quokkas (D:1)
  A bat (D:1)
  A goblin (D:1)
6 creatures vanquished.

Notes
Turn   | Place    | Note
-------+----------+-------------------------------------------
     0 | D:1      | Romesagentofchaos the Octopode Brigand began the quest for
                  | the Orb.
     0 | D:1      | Reached XP level 1. HP: 14/14 MP: 1/1
   109 | D:1      | Reached XP level 2. HP: 1/19 MP: 2/2
   109 | D:1      | Slain by a frilled lizard

Illustrated notes

Levels and vault maps discovered:
D:1:      scummos_arrival_star, layout_loops_ring, minmay_hexomino_f4

Action                   || total
-------------------------++-------
Melee: Dagger            ||    13
       Constrict         ||     3
       Tentacles         ||     2
 Stab: Sleeping          ||     3
Dodge: Dodged            ||     6
